 Dungeon Sprint DCSS version 0.26-a0-1101-g8f9f7f7418 (webtiles) character file.

Game seed: 10386498338419111988

10400000 Adamkad1 the Axe Maniac (level 27, -35/258 (292) HPs)
             Began as a Palentonga Gladiator on Dec 15, 2020.
             Was the Champion of Makhleb.
             Killed from afar by a wretched soul (128 damage)
             ... with a bolt of negative energy
             ... in the Dungeon (Sprint VIII: "Arena of Blood").
             The game lasted 00:03:04 (104 turns).

Adamkad1 the Axe Maniac (Palentonga Gladiator)       Turns: 104, Time: 00:03:05

HP:   -35/258 (292) AC: 17    Str: 20    XL:     27
MP:   40/54         EV: 32    Int: 10    God:    Makhleb [******]
Gold: 0             SH:  0    Dex: 21    Spells: 80/80 levels left

rFire    . . .     SeeInvis +   k - +∞ Axe of Woe
rCold    . . .     Faith    .   (shield currently unavailable)
rNeg     . . .     Spirit   .   b - +0 leather armour
rPois    .         Reflect  .   c - +0 helmet
rElec    .         Harm     .   (no cloak)
rCorr    .         Rampage  .   (no gloves)
Will     ++...     NoTele   +   (no barding)
Stlth    ++++++++++             (no amulet)
HPRegen  0.53/turn              (no ring)
MPRegen  0.34/turn              (no ring)

@: slowed, heavily drained, curled up, very slow
A: large, rugged brown scales 3, see invisible, deformed body, roll 1, armoured
tail, reflexive curl
a: Rolling Charge, Minor Destruction, Lesser Servant of Makhleb, Major
Destruction, Greater Servant of Makhleb, Renounce Religion


You were in the Dungeon.
You worshipped Makhleb.
Makhleb was exalted by your worship.
You visited 1 branch

Inventory:

Hand Weapons
 a - a +0 war axe
 k - the +∞ Axe of Woe (weapon)
   (You found it in the Dungeon)
Missiles
 d - 3 throwing nets (quivered)
Armour
 b - a +0 leather armour (worn)
 c - a +0 helmet (worn)
Scrolls
 j - a scroll of blinking
Potions
 e - a potion of curing
 f - a potion of heal wounds
 g - a potion of haste
 h - 2 potions of magic
 i - a potion of berserk rage


   Skills:
 O Level 27 Fighting
 O Level 27 Short Blades
 O Level 27 Long Blades
 O Level 27 Axes
 O Level 27 Maces & Flails
 O Level 27 Polearms
 O Level 27 Staves
 O Level 27 Slings
 O Level 27 Bows
 O Level 27 Crossbows
 O Level 27 Throwing
 O Level 27 Armour
 O Level 27 Dodging
 O Level 27 Stealth
 O Level 27 Shields
 O Level 27 Unarmed Combat
 O Level 27 Spellcasting
 O Level 27 Conjurations
 O Level 27 Hexes
 O Level 27 Summonings
 O Level 27 Necromancy
 O Level 27 Translocations
 O Level 27 Transmutations
 O Level 27 Fire Magic
 O Level 27 Ice Magic
 O Level 27 Air Magic
 O Level 27 Earth Magic
 O Level 27 Poison Magic
 O Level 27 Invocations
 O Level 27 Evocations


You had 80 spell levels left.
You didn't know any spells.
Your spell library was empty.

Dungeon Overview and Level Annotations

Branches:
Dungeon (1/1)

Altars:
Makhleb


Innate Abilities, Weirdness & Mutations

You are completely covered in rugged brown scales. (AC +3, +7% HP)
You have supernaturally acute eyesight. (SInv)
Armour fits poorly on your strangely shaped body.
You can roll at nearby foes to attack.
You have a long armoured tail.
You curl defensively after being hit.


Message History

Your life force feels restored.
Roll where?
Press: ? - help, Dir - move target, f - accursed
Aim: an accursed You roll forward with a clatter of scales!
You slash the accursed!
You fatally mangle the accursed.
You destroy the accursed!
Makhleb accepts your kill.
You feel better.
You feel extremely nervous for a moment...
You feel horribly lethargic.
You feel yourself slow down.
The scourge appears out of thin air!
A scourge comes into view.
The scourge hisses angrily.
You hear a shout! x4
A wretched soul comes into view.
You hear a shout! x4
The wretched soul breathes negative energy at you.
The bolt of negative energy hits you!!!!
You feel drained.
You die...

. #.......#....)..))....#...
..#..)...)#......).....#....
...........W.))).............
..V.....)).....#...#..))..##M
o........).)..#....#.°.).##
........)).)##....)#..)).#
..#.......)#M.)..)#...°##...
......G.S.)#).)###))).#......
##.#.....W)@....)..#........
.......†).○......)))......##
....#...)○####))..)....###
........○°○.#.......####
.........).......####
......=.......####
###############


You could see an accursed, an observer (fast, invisible), a scourge and 2
wretched souls.

Vanquished Creatures
  Sigmund (D)
  5 hell beasts (D)
  10 royal mummies (D)
  2 great orbs of eyes (D)
  3 wraiths (D)
  10 vampire knights (D)
  28 ogres (D)
  5 two-headed ogres (D)
  8 liches (D)
  4 hydras (D)
  48 orcs (D)
  6 phantoms (D)
  5 skeletal warriors (D)
  2 large abominations (D)
  4 small abominations (D)
  5 crawling corpses (D)
146 creatures vanquished.

Vanquished Creatures (others)
  2 crawling corpses (D)
2 creatures vanquished.

Grand Total: 148 creatures vanquished

Notes
Turn   | Place    | Note
-------+----------+-------------------------------------------
     0 | D        | Found the +∞ Axe of Woe
     0 | D        | Adamkad1 the Palentonga Gladiator began the quest for the
                  | Orb.
     0 | D        | Reached XP level 1. HP: 18/18 MP: 1/1
     3 | D        | Became a worshipper of Makhleb the Destroyer
     3 | D        | Noticed a bag of meat
     8 | D        | Noticed a bag of meat
     8 | D        | Noticed a bag of meat
     8 | D        | Noticed a bag of meat
     8 | D        | Noticed a large bag of meat
     9 | D        | Noticed a meat berserker
    10 | D        | Killed a bag of meat
    11 | D        | Reached skill level 10 in Throwing
    11 | D        | Reached XP level 2. HP: 47/47 MP: 2/2
    11 | D        | Reached XP level 3. HP: 53/53 MP: 3/3
    11 | D        | Reached XP level 4. HP: 62/62 MP: 4/4
    11 | D        | Reached XP level 5. HP: 68/68 MP: 5/5
    11 | D        | Reached XP level 6. HP: 77/77 MP: 6/6
    11 | D        | Gained mutation: You curl defensively after being hit.
                  | [Palentonga growth]
    11 | D        | Reached XP level 7. HP: 84/84 MP: 7/7
    11 | D        | Reached XP level 8. HP: 92/92 MP: 8/8
    11 | D        | Reached XP level 9. HP: 99/99 MP: 9/9
    11 | D        | Reached XP level 10. HP: 108/108 MP: 10/10
    11 | D        | Reached XP level 11. HP: 114/114 MP: 11/11
    11 | D        | Killed a bag of meat
    11 | D        | Reached * piety under Makhleb
    11 | D        | Noticed a bag of meat
    11 | D        | Noticed a bag of meat
    11 | D        | Noticed a bag of meat
    11 | D        | Noticed a bag of meat
    12 | D        | Reached skill level 15 in Fighting
    12 | D        | Reached XP level 12. HP: 129/129 MP: 12/12
    12 | D        | Noticed a meat berserker
    12 | D        | Killed a meat berserker
    12 | D        | Noticed a bag of meat
    12 | D        | Noticed a bag of meat
    13 | D        | Reached skill level 15 in Dodging
    13 | D        | Reached XP level 13. HP: 143/143 MP: 13/13
    13 | D        | Reached XP level 14. HP: 150/150 MP: 14/14
    13 | D        | Killed a bag of meat
    13 | D        | Killed a bag of meat
    13 | D        | Reached ** piety under Makhleb
    14 | D        | Reached skill level 15 in Throwing
    14 | D        | Reached XP level 15. HP: 162/162 MP: 15/15
    14 | D        | Killed a large bag of meat
    14 | D        | Reached *** piety under Makhleb
    15 | D        | Reached skill level 27 in Axes
    15 | D        | Reached XP level 16. HP: 150/184 MP: 16/16
    15 | D        | Noticed a meat berserker
    17 | D        | Reached XP level 17. HP: 196/196 MP: 17/17
    17 | D        | Reached **** piety under Makhleb
    19 | D        | Killed a meat berserker
    19 | D        | Noticed a destroyer
    20 | D        | Reached skill level 27 in Fighting
    20 | D        | Reached XP level 18. HP: 214/214 MP: 18/18
    21 | D        | Killed a destroyer
    21 | D        | Reached ***** piety under Makhleb
    22 | D        | Reached skill level 27 in Throwing
    22 | D        | Reached skill level 27 in Dodging
    22 | D        | Reached skill level 1 in Transmutations
    22 | D        | Killed a meat berserker
    23 | D        | Reached XP level 19. HP: 221/221 MP: 18/24
    24 | D        | Reached skill level 5 in Staves
    24 | D        | Reached skill level 5 in Unarmed Combat
    24 | D        | Reached skill level 5 in Hexes
    24 | D        | Reached skill level 5 in Invocations
    25 | D        | Reached skill level 5 in Short Blades
    25 | D        | Reached skill level 5 in Long Blades
    25 | D        | Reached skill level 5 in Maces & Flails
    25 | D        | Reached skill level 5 in Polearms
    25 | D        | Reached skill level 5 in Spellcasting
    25 | D        | Reached skill level 5 in Conjurations
    25 | D        | Reached skill level 5 in Necromancy
    25 | D        | Reached skill level 5 in Translocations
    25 | D        | Reached skill level 5 in Earth Magic
    25 | D        | Reached skill level 5 in Evocations
    25 | D        | Noticed a large bag of meat
    25 | D        | Noticed a meat berserker
    25 | D        | Killed a large bag of meat
    25 | D        | Noticed a meat berserker
    26 | D        | Reached skill level 5 in Slings
    26 | D        | Reached skill level 5 in Bows
    26 | D        | Reached skill level 5 in Crossbows
    26 | D        | Reached skill level 5 in Armour
    26 | D        | Reached skill level 5 in Stealth
    26 | D        | Reached skill level 5 in Shields
    26 | D        | Reached skill level 5 in Summonings
    26 | D        | Reached skill level 10 in Transmutations
    26 | D        | Reached skill level 5 in Fire Magic
    26 | D        | Reached skill level 5 in Ice Magic
    26 | D        | Reached skill level 5 in Poison Magic
    26 | D        | Reached XP level 20. HP: 198/231 MP: 18/29
    26 | D        | Noticed a destroyer
    27 | D        | Killed a meat berserker
    27 | D        | Noticed a meat berserker
    27 | D        | Noticed a meat berserker
    27 | D        | Noticed a meat berserker
    28 | D        | Killed a meat berserker
    29 | D        | Reached skill level 10 in Invocations
    29 | D        | Noticed a meat berserker
    29 | D        | Killed a destroyer
    29 | D        | Reached ****** piety under Makhleb
    30 | D        | Reached skill level 10 in Short Blades
    30 | D        | Reached skill level 10 in Long Blades
    30 | D        | Reached skill level 10 in Maces & Flails
    30 | D        | Reached skill level 10 in Staves
    30 | D        | Reached skill level 10 in Unarmed Combat
    30 | D        | Reached skill level 10 in Hexes
    30 | D        | Reached skill level 10 in Necromancy
    30 | D        | Reached skill level 10 in Translocations
    30 | D        | Reached skill level 15 in Transmutations
    30 | D        | Reached XP level 21. HP: 239/239 MP: 19/34
    31 | D        | Reached skill level 10 in Polearms
    31 | D        | Reached skill level 10 in Spellcasting
    31 | D        | Reached skill level 10 in Conjurations
    31 | D        | Reached skill level 10 in Earth Magic
    31 | D        | Reached skill level 10 in Evocations
    31 | D        | Noticed a large bag of meat
    32 | D        | Reached skill level 10 in Crossbows
    32 | D        | Reached skill level 10 in Armour
    32 | D        | Reached skill level 10 in Fire Magic
    32 | D        | Reached skill level 10 in Air Magic
    32 | D        | Reached skill level 10 in Poison Magic
    32 | D        | Noticed a large bag of meat
    33 | D        | Reached skill level 10 in Bows
    33 | D        | Reached skill level 10 in Shields
    33 | D        | Reached skill level 10 in Summonings
    33 | D        | Reached skill level 10 in Ice Magic
    33 | D        | Reached XP level 22. HP: 249/249 MP: 19/37
    34 | D        | Reached skill level 10 in Slings
    34 | D        | Reached skill level 10 in Stealth
    35 | D        | Reached skill level 15 in Invocations
    35 | D        | Reached XP level 23. HP: 256/256 MP: 20/40
    36 | D        | Reached skill level 15 in Unarmed Combat
    38 | D        | Reached skill level 15 in Short Blades
    38 | D        | Reached skill level 15 in Long Blades
    38 | D        | Reached skill level 15 in Maces & Flails
    38 | D        | Reached skill level 15 in Staves
    38 | D        | Reached skill level 15 in Hexes
    38 | D        | Reached skill level 15 in Necromancy
    38 | D        | Reached skill level 15 in Translocations
    39 | D        | Reached skill level 15 in Polearms
    39 | D        | Reached skill level 15 in Spellcasting
    39 | D        | Reached skill level 15 in Conjurations
    39 | D        | Reached skill level 15 in Earth Magic
    39 | D        | Reached skill level 15 in Evocations
    39 | D        | Reached XP level 24. HP: 266/266 MP: 21/42
    39 | D        | Noticed a destroyer
    41 | D        | Killed a large bag of meat
    41 | D        | Noticed a destroyer
    42 | D        | Reached skill level 15 in Bows
    42 | D        | Reached skill level 15 in Crossbows
    42 | D        | Reached skill level 15 in Armour
    42 | D        | Reached skill level 15 in Shields
    42 | D        | Reached skill level 15 in Summonings
    42 | D        | Reached skill level 15 in Fire Magic
    42 | D        | Reached skill level 15 in Ice Magic
    42 | D        | Reached skill level 15 in Air Magic
    42 | D        | Reached skill level 15 in Poison Magic
    42 | D        | Reached XP level 25. HP: 254/274 MP: 21/43
    44 | D        | Killed a destroyer
    46 | D        | Reached skill level 15 in Slings
    46 | D        | Reached skill level 15 in Stealth
    46 | D        | Reached XP level 26. HP: 284/284 MP: 22/44
    47 | D        | Noticed an accursed
    49 | D        | Killed a destroyer
    49 | D        | Noticed a large bag of meat
    49 | D        | Noticed a tyrant
    50 | D        | Reached skill level 27 in Transmutations
    51 | D        | Noticed a tyrant
    51 | D        | Noticed a destroyer
    51 | D        | Killed an accursed
    51 | D        | Noticed a tyrant
    52 | D        | Reached XP level 27. HP: 148/292 MP: 23/46
    52 | D        | Noticed a destroyer
    53 | D        | Noticed an accursed
    53 | D        | Killed a tyrant
    53 | D        | Noticed a destroyer
    55 | D        | Noticed an accursed
    55 | D        | Killed a destroyer
    55 | D        | Killed a large bag of meat
    56 | D        | Killed a tyrant
    56 | D        | Killed a large bag of meat
    57 | D        | Noticed an accursed
    57 | D        | Killed an accursed
    57 | D        | Noticed an accursed
    57 | D        | Noticed a tyrant
    57 | D        | Noticed an accursed
    58 | D        | Killed a tyrant
    58 | D        | Noticed a destroyer
    59 | D        | Killed an accursed
    59 | D        | Noticed The Captor
    60 | D        | Killed an accursed
    61 | D        | Noticed a tyrant
    61 | D        | Noticed an accursed
    62 | D        | Noticed a dread
    62 | D        | Killed a tyrant
    63 | D        | Reached skill level 27 in Invocations
    63 | D        | Noticed a dread
    63 | D        | Killed a destroyer
    63 | D        | Killed a destroyer
    65 | D        | Killed a destroyer
    66 | D        | Killed The Captor
    67 | D        | Reached skill level 27 in Short Blades
    67 | D        | Reached skill level 27 in Long Blades
    67 | D        | Reached skill level 27 in Maces & Flails
    67 | D        | Reached skill level 27 in Staves
    67 | D        | Reached skill level 27 in Unarmed Combat
    67 | D        | Reached skill level 27 in Hexes
    67 | D        | Reached skill level 27 in Necromancy
    67 | D        | Reached skill level 27 in Translocations
    67 | D        | Killed an accursed
    68 | D        | Noticed a meat beast
    68 | D        | Killed a dread
    68 | D        | Noticed a dread
    69 | D        | Noticed a tyrant
    69 | D        | Killed a tyrant
    69 | D        | Killed a dread
    69 | D        | Killed a meat beast
    70 | D        | Reached skill level 27 in Polearms
    70 | D        | Reached skill level 27 in Spellcasting
    70 | D        | Reached skill level 27 in Conjurations
    70 | D        | Reached skill level 27 in Earth Magic
    70 | D        | Reached skill level 27 in Evocations
    70 | D        | Noticed a dread
    70 | D        | Killed an accursed
    71 | D        | Reached skill level 27 in Slings
    71 | D        | Reached skill level 27 in Bows
    71 | D        | Reached skill level 27 in Crossbows
    71 | D        | Reached skill level 27 in Armour
    71 | D        | Reached skill level 27 in Stealth
    71 | D        | Reached skill level 27 in Shields
    71 | D        | Reached skill level 27 in Summonings
    71 | D        | Reached skill level 27 in Fire Magic
    71 | D        | Reached skill level 27 in Ice Magic
    71 | D        | Reached skill level 27 in Air Magic
    71 | D        | Reached skill level 27 in Poison Magic
    71 | D        | Noticed a meat beast
    73 | D        | Killed a dread
    75 | D        | Killed a tyrant
    76 | D        | Killed a meat beast
    77 | D        | Noticed a meat beast
    79 | D        | Noticed a meat beast
    79 | D        | Noticed a meat beast
    80 | D        | Killed an accursed
    80 | D        | Killed a meat beast
    81 | D        | Killed a meat beast
    81 | D        | Killed a meat beast
    85 | D        | Noticed a destroyer
    87 | D        | Noticed an accursed
    88 | D        | Noticed a destroyer
    88 | D        | Noticed a tyrant
    89 | D        | Noticed a tyrant
    90 | D        | Killed a tyrant
    91 | D        | Killed a tyrant
    95 | D        | Killed a destroyer
    98 | D        | Killed a destroyer
   100 | D        | Noticed an accursed
   102 | D        | Killed an accursed
   102 | D        | Noticed an accursed
   102 | D        | Noticed an accursed
   103 | D        | Killed an accursed
   104 | D        | Killed an accursed
   104 | D        | Killed from afar by a wretched soul

Illustrated notes

Levels and vault maps discovered:
D:        meatsprint

Skill      XL: |  1  2  3  4  5  6  7  8  9 10 11 12 13 14 15 16 17 18 19 20 21 22 23 24 25 26 27 |
---------------+----------------------------------------------------------------------------------+-----
Fighting       | 13 15 17 19 23 24 27 | 27.0
Axes           | 17 20 23 25 27 | 27.0
Throwing       | 10 12 14 15 18 20 23 27 | 27.0
Dodging        | 11 13 15 16 20 21 25 27 | 27.0
Transmutations | 6 10 15 17 20 22 24 26 27 | 27.0
Short Blades   | 3 6 10 12 13 16 17 18 20 27 | 27.0
Long Blades    | 3 7 10 12 13 16 17 18 20 27 | 27.0
Maces & Flails | 4 7 10 12 13 16 17 18 20 27 | 27.0
Polearms       | 3 6 9 11 13 15 16 17 19 27 | 27.0
Staves         | 4 7 10 12 14 16 17 18 20 27 | 27.0
Slings         | 2 5 8 9 11 12 14 15 16 27 | 27.0
Bows           | 3 5 8 10 12 13 15 16 17 27 | 27.0
Crossbows      | 3 5 9 10 12 14 15 16 17 27 | 27.0
Armour         | 3 5 9 10 12 13 15 16 17 27 | 27.0
Stealth        | 3 5 8 9 11 12 14 15 16 27 | 27.0
Shields        | 3 5 9 10 12 13 15 16 17 27 | 27.0
Unarmed Combat | 4 7 10 12 14 16 17 18 20 27 | 27.0
Spellcasting   | 3 6 9 11 13 15 16 17 19 27 | 27.0
Conjurations   | 3 6 9 11 13 15 16 17 19 27 | 27.0
Hexes          | 4 7 10 12 13 16 17 18 20 27 | 27.0
Summonings     | 3 5 9 10 12 13 15 16 17 27 | 27.0
Necromancy     | 3 7 10 12 14 16 17 18 20 27 | 27.0
Translocations | 3 7 10 12 14 16 17 18 20 27 | 27.0
Fire Magic     | 3 5 9 10 12 14 15 16 17 27 | 27.0
Ice Magic      | 3 5 9 10 12 13 15 16 17 27 | 27.0
Air Magic      | 3 6 9 10 12 14 15 16 17 27 | 27.0
Earth Magic    | 3 6 9 11 13 15 16 17 19 27 | 27.0
Poison Magic   | 3 5 9 10 12 14 15 16 17 27 | 27.0
Invocations    | 4 7 11 13 15 17 18 20 21 27 | 27.0
Evocations     | 3 6 9 11 13 15 16 17 19 27 | 27.0

Action                   |  1- 3 |  4- 6 |  7- 9 | 10-12 | 13-15 | 16-18 | 19-21 | 22-24 | 25-27 || total
-------------------------+-------+-------+-------+-------+-------+-------+-------+-------+-------++-------
Melee: Executioner's axe |     1 |       |       |     2 |     2 |     8 |    10 |     9 |    59 ||    91
 Abil: Rolling Charge    |       |       |       |     2 |     1 |     4 |     6 |       |    21 ||    34
Armor: Leather armour    |       |       |       |       |       |       |       |       |     1 ||     1
Dodge: Dodged            |       |       |       |       |       |       |     1 |       |     8 ||     9

Table legend: (Time is in decaauts)
 A = Elapsed time spent in this place.
 B = Non-inter-level travel time spent in this place.
 C = Inter-level travel time spent in this place.
 D = Time resting spent in this place.
 E = Time spent auto-exploring this place.
 F = Levels seen in this place.
 G = Mean time per level.
                   A        B        C        D        E       F      G
               +--------+--------+--------+--------+--------+-----+--------+
         Total |     94 |     94 |      0 |      0 |      0 |   1 |   94.0 |
       Dungeon |     94 |     94 |      0 |      0 |      0 |   1 |   94.0 |
               +--------+--------+--------+--------+--------+-----+--------+

Top non-repeatable levels by time:
       D: 94 daAuts
